Map: Coda EC

Players

Seriously - Winner!

  • Race: Zerg Zerg
  • League: Grandmaster

AgCl

  • Race: Protoss Protoss
  • League: Grandmaster

VOD

Have the link to the VOD?

Description

Time

  • Played on: June 10, 2015, 6 p.m.
  • Length: 6:59
Show
View Real Time Build Order
Export as new Build Order

Seriously Zerg - Winner!

Build Orders: Pool First 

Get SALT Encoding   

  12  0:01  Drone  
  13  0:09  Drone  
  14  0:18  Overlord  
  14  0:29  Extractor x2  
  14  0:30  Drone x2  
  16  0:43  Spawning Pool  
  16  0:46  Drone  
  16  0:52  Drone  
  16  0:56  Drone  
  18  1:17  Hatchery  
  17  1:31  Queen  
  17  1:32  Zergling x2  
  20  1:35  Drone  
  20  1:37  Extractor  
  20  1:43  Overlord  
  20  1:47  Drone  
  21  1:54  Drone  
  22  2:05  Drone  
  22  2:08  Queen  
  25  2:16  Drone  
  26  2:27  Overlord  
  26  2:32  Drone  
  27  2:42  Queen  
  29  2:46  Spore Crawler  
  28  2:56  Drone  
  28  2:58  Spore Crawler  
  28  3:06  Drone x2  
  28  3:11  Lair  
  30  3:13  Extractor  
  30  3:14  Drone  
  30  3:17  Queen  
  30  3:19  Drone  
  33  3:24  Drone  
  33  3:25  Drone  
  34  3:29  Drone  
  34  3:31  Drone  
  34  3:33  Drone  
  37  3:37  Drone  
  37  3:40  Drone  
  39  3:44  Overlord  
  39  3:50  Drone x2  
  39  3:54  Drone  
  42  3:58  Overlord  
  42  4:11  Overlord  
  42  4:14  Drone  
  42  4:15  Hydralisk Den  
  42  4:17  Evolution Chamber x2  
  40  4:32  Hatchery  
  39  4:40  Drone x4  
  39  4:41  Drone x2  
  45  4:49  Hydralisk x2  
  49  4:59  Spine Crawler, Hydralisk  
  48  5:01  Hydralisk  
  52  5:07  Muscular Augments  
  52  5:12  Hydralisk  
  54  5:20  Hydralisk x2  
  58  5:26  Drone x2  
  58  5:27  Extractor  
  59  5:30  Overlord  
  59  5:34  Hydralisk  
  61  5:37  Overlord  
  61  5:47  Drone x2, Extractor  
  61  5:48  Drone x3  
  65  5:58  Drone  
  65  5:59  Drone  
  65  6:00  Drone  
  68  6:04  Hydralisk  
  68  6:06  Drone  
  68  6:09  Hydralisk  
  73  6:15  Hydralisk  
  75  6:28  Hydralisk x2  
  79  6:33  Drone  
  79  6:34  Overlord x3  
  79  6:35  Extractor  
Show
View Real Time Build Order
Export as new Build Order

AgCl Protoss 

Build Orders: Oracle Opening, Carrier Rush 

Get SALT Encoding   

  12  0:01  Probe  
  13  0:14  Probe  
  14  0:21  Pylon  
  14  0:41  Probe (Chrono Boost)  
  15  0:43  Assimilator  
  15  0:44  Gateway  
  15  0:52  Probe (Chrono Boost)  
  16  0:58  Probe  
  17  1:10  Probe  
  18  1:22  Probe  
  18  1:25  Assimilator  
  19  1:27  Pylon  
  19  1:32  Zealot (Chrono Boost)  
  21  1:35  Cybernetics Core  
  21  1:39  Probe (Chrono Boost)  
  22  1:51  Probe (Chrono Boost)  
  23  1:57  Probe (Chrono Boost)  
  24  2:08  Probe  
  25  2:17  Stargate  
  25  2:20  Probe  
  26  2:32  Probe (Chrono Boost)  
  29  2:44  Mothership Core (Chrono Boost)  
  29  2:58  Nexus  
  27  3:06  Oracle (Chrono Boost)  
  30  3:13  Warp Gate (Chrono Boost)  
  30  3:25  Gateway  
  30  3:33  Pylon  
  30  3:51  Probe, Fleet Beacon  
  31  4:03  Probe (Chrono Boost)  
  29  4:12  Probe (Chrono Boost)  
  29  4:14  Carrier (Chrono Boost)  
  31  4:18  Probe (Chrono Boost)  
  31  4:23  Probe (Chrono Boost)  
  32  4:27  Probe (Chrono Boost)  
  32  4:30  Pylon  
  34  4:31  Probe (Chrono Boost)  
  34  4:33  Probe (Chrono Boost)  
  41  4:42  Assimilator  
  41  4:45  Probe (Chrono Boost)  
  42  4:46  Probe (Chrono Boost)  
  43  4:55  Probe (Chrono Boost), Assimilator  
  43  4:56  Probe (Chrono Boost)  
  45  5:03  Probe  
  45  5:05  Probe  
  47  5:11  Carrier (Chrono Boost)  
  47  5:15  Probe  
  47  5:18  Stalker  
  47  5:19  Probe  
  51  5:27  Probe  
  58  5:32  Graviton Catapult  
  58  5:38  Probe  
  58  5:39  Probe  
  60  5:54  Nexus  
  60  6:09  Gateway  
  60  6:16  Pylon  
  60  6:21  Pylon  
  60  6:30  Pylon  
  60  6:34  Probe x2  
  60  6:35  Gateway  
  68  6:40  Adept  
  68  6:42  Adept  
Tags
 
Add a new tag
Caveats
  • Supply blocks, unpowered buildings, or Contaminate may cause inaccurate times.
  • Supply counts are checked every 10 seconds.